AoeStats
← R A P T O R

Black Forest

509434809Analyzed
4v4 RM · 4d ago on Sep 26, 2026· 75m 48s· 8 players
Game mode
Random Map
Map size
Large (8 player)
Population
200
Speed
Normal
Resources
Standard
Victory
Conquest
Starting age
Dark Age
Ending age
Imperial Age
RankedLock teamsTeams togetherTeam positionsShared explorationLock speedFull tech treeHidden civsTurbo modeCheats
Victory
Defeat
🇫🇷 Bulgarians · France
863
+12
🇦🇹 Franks · Austria
791
+15
🇹🇷 Tatars · Türkiye
773
+15
🇮🇹 Persians · Italy
765
+16
🇹🇷 Jurchens · Türkiye
864
-19
🇹🇼 Portuguese · Taiwan
769
-15
🇧🇷 Romans · Brazil
708
-12
🇹🇷 Saxons · Türkiye
707
-12
CarnavalTigre15
0:45 Loom
15:33 Feudal Age
20:25 Forging
20:16 Scale Mail Armor
20:56 Horse Collar
21:07 Double-Bit Axe
22:12 Gold Mining
23:29 Arson
29:09 Castle Age
29:53 Gambesons
30:09 Squires
29:33 Pikeman
31:09 Iron Casting
30:50 Chain Mail Armor
30:42 Scale Barding Armor
31:42 Heavy Plow
31:55 Bow Saw
33:59 Gold Shaft Mining
33:15 Stone Mining
45:33 Imperial Age
44:41 Chain Barding Armor
49:00 Imperial Age
51:04 Crop Rotation
52:11 Wheelbarrow
52:21 Halberdier
56:21 Blast Furnace
55:53 Plate Mail Armor
74:35 Spies/Treason
careems.ea
0:28 Loom
16:30 Feudal Age
17:39 Horse Collar
17:47 Double-Bit Axe
18:06 Gold Mining
18:08 Stone Mining
20:37 Bloodlines
21:55 Fishing Lines
26:46 Castle Age
26:32 Wheelbarrow
25:42 Town Watch
27:37 Heavy Plow
27:52 Bow Saw
28:32 Gold Shaft Mining
28:08 Husbandry
29:14 Crossbowman
31:46 Forging
31:41 Scale Barding Armor
33:27 Silk Armor
33:48 Caravan
34:02 Town Patrol
35:08 Padded Archer Armor
35:48 Hand Cart
35:18 Treadmill Crane
35:59 Ballistics
36:26 Fletching
37:12 Murder Holes
45:57 Imperial Age
44:27 Iron Casting
44:13 Chain Barding Armor
44:56 Gillnets
46:01 Elite Keshik
47:02 Conscription
46:54 Timurid Siegecraft
48:53 Blast Furnace
48:29 Plate Barding Armor
49:47 Plate Barding Armor
50:13 Blast Furnace
51:50 Chemistry
50:56 Siege Engineers
50:48 Elite Skirmisher
52:03 Guilds
52:10 Leather Archer Armor
51:51 Bodkin Arrow
51:57 Scale Mail Armor
54:30 Crop Rotation
63:49 Spies/Treason
rauni11
0:55 Loom
15:54 Feudal Age
17:48 Double-Bit Axe
20:36 Castle Age
27:50 Bow Saw
34:07 Imperial Age
31:41 Treadmill Crane
32:32 Gold Mining
32:32 Stone Mining
34:11 Cavalier
34:59 Scale Barding Armor
35:04 Forging
34:57 Husbandry
36:14 Chemistry
37:11 Wheelbarrow
36:27 Paladin
37:03 Fletching
37:55 Caravan
38:43 Conscription
38:45 Chain Barding Armor
39:01 Iron Casting
40:21 Hoardings
39:59 Fortified Wall
45:37 Scale Mail Armor
49:05 Hand Cart
50:35 Heavy Scorpion
54:40 Siege Engineers
55:49 Blast Furnace
55:13 Ballistics
alexgiaco98
0:26 Loom
13:27 Feudal Age
14:39 Double-Bit Axe
15:18 Horse Collar
16:57 Gold Mining
16:58 Stone Mining
22:49 Castle Age
23:28 Bow Saw
23:20 Heavy Plow
29:19 Gold Shaft Mining
29:38 Stone Shaft Mining
31:08 Caravan
31:44 Scale Barding Armor
35:34 Imperial Age
33:14 Husbandry
33:29 Bloodlines
36:33 Crop Rotation
37:06 Two-Man Saw
35:31 Elite War Elephant
36:46 Conscription
37:03 Citadels
38:27 Cavalier
41:49 Savar
51:52 Chain Barding Armor
72:11 Spies/Treason
R A P T O R
13:07 Feudal Age
13:54 Horse Collar
16:42 Double-Bit Axe
21:42 Forging
22:11 Gold Mining
25:18 Castle Age
23:46 Scale Mail Armor
25:22 Wheelbarrow
25:35 Stone Mining
27:29 Heavy Plow
27:45 Bow Saw
28:12 Gold Shaft Mining
29:38 Town Watch
33:19 Caravan
34:04 Chain Mail Armor
34:24 Iron Casting
33:42 Fletching
33:40 Arson
33:56 Squires
33:41 Gambesons
37:26 Imperial Age
35:23 Bloodlines
35:14 Husbandry
37:30 Elite Hearth Troop
37:34 Elite Varangian Guard
39:25 Plate Mail Armor
39:21 Conscription
39:26 Shield Wall
41:52 Two-Man Saw
55:17 Pikeman
Biscoitoso
0:28 Loom
13:42 Feudal Age
14:50 Double-Bit Axe
14:49 Fishing Lines
16:53 Wheelbarrow
17:58 Horse Collar
20:26 Man-at-Arms
23:34 Castle Age
22:57 Scale Mail Armor
23:07 Forging
23:53 Scale Barding Armor
26:29 Town Watch
27:03 Gillnets
27:20 Fletching
27:42 Squires
29:03 Heavy Plow
29:16 Bow Saw
29:01 Gold Mining
30:32 Fervor
30:01 Long Swordsman
31:04 Stone Mining
32:39 Ballistics
32:15 Murder Holes
32:30 Fortified Wall
32:27 Padded Archer Armor
32:50 Husbandry
33:01 Bloodlines
34:12 Masonry
37:00 Gold Shaft Mining
37:20 Iron Casting
37:01 Chain Mail Armor
36:57 Ballistas
41:12 Imperial Age
39:57 Medium Warships
39:54 Devotion
40:05 Caravan
40:45 Chain Barding Armor
41:21 Legionary
41:23 Capped Ram
41:27 Heavy Scorpion
42:01 Pikeman
43:04 Halberdier
43:21 Siege Ram
46:20 Chemistry
45:25 Siege Engineers
45:51 Architecture
46:11 Conscription
49:11 Blast Furnace
49:35 Faith
49:31 Block Printing
52:29 Comitatenses
52:49 Plate Barding Armor
54:47 Guilds
55:08 Coinage
55:39 Elite Centurion
56:44 Leather Archer Armor
56:25 Bodkin Arrow
Feed Me
13:26 Feudal Age
14:46 Double-Bit Axe
19:41 Castle Age
18:44 Horse Collar
23:41 Fishing Lines
26:44 Loom
26:45 Town Watch
29:12 Wheelbarrow
33:27 Imperial Age
31:57 Forging
31:52 Scale Barding Armor
32:12 Ballistics
34:59 Bow Saw
35:17 Conscription
39:24 Capped Ram
39:37 Elite Iron Pagoda
43:33 Fletching
43:43 Padded Archer Armor
45:18 Two-Man Saw
44:20 Caravan
45:58 Heavy Plow
47:21 Hand Cart
47:06 Town Patrol
49:02 Iron Casting
49:06 Gillnets
50:10 Bodkin Arrow
50:31 Leather Archer Armor
51:17 Blast Furnace
50:38 Chain Barding Armor
50:45 Elite Fire Lancer
51:10 Arson
51:26 Squires
52:24 Thunderclap Bombs
52:15 Gambesons
53:28 Hoardings
54:50 Plate Barding Armor
ten7728
1:38 Loom
20:00 Feudal Age
24:12 Town Watch
25:03 Wheelbarrow
28:36 Horse Collar
33:14 Double-Bit Axe
41:44 Castle Age
41:20 Gold Mining
41:21 Stone Mining
42:50 Hand Cart
42:47 Bow Saw
42:52 Scale Mail Armor
42:39 Gambesons
42:56 Pikeman
44:36 Gambesons
45:08 Chain Mail Armor
46:29 Heavy Plow
48:57 Forging
50:37 Iron Casting
54:13 Imperial Age
53:30 Circumnavigation
53:32 Murder Holes
56:50 Two-Man Saw
55:32 Treadmill Crane
56:22 Masonry
55:42 Halberdier
Connection lost

Rejoining the realm…

Still unreachable

The connection could not be restored.

Session expired

The server has moved on; the page needs a fresh start.